 Dungeon Crawl Stone Soup version 0.28.0-43-g3370ac3207 (webtiles) character file.

Game seed: 1526221171241587483

928 Gabide the Insei (level 8, -3/41 (42) HPs)
             Began as a Vine Stalker Monk on Mar 16, 2022.
             Slain by a kobold demonologist
             ... wielding a +2 dagger of draining
              (5 damage)
             ... on level 8 of the Dungeon.
             The game lasted 00:06:50 (4845 turns).

Gabide the Insei (Vine Stalker Monk)                Turns: 4845, Time: 00:06:51

HP:   -3/41 (42)    AC:  1    Str: 15    XL:     8   Next: 11%
MP:   0/9           EV: 14    Int: 10    God:
Gold: 152           SH:  0    Dex: 18    Spells: 7/7 levels left

rFire   . . .      SeeInvis .     - Unarmed
rCold   + . .      Faith    .   (no shield)
rNeg    . . .      Spirit   +   a - +0 robe
rPois   +          Reflect  .   (no helmet)
rElec   .          Harm     .   (no cloak)
rCorr   .          Rampage  .   (no gloves)
Will    +....                   (no boots)
Stlth   +++.......              (no amulet)
HPRegen 0.93/turn               b - ring of protection from cold
MPRegen 0.11/turn               (no ring)

@: lightly drained
A: fangs 3, regeneration 1, magic shield, antimagic bite, no potion heal 2,
deformed body, poison resistance
a: no special abilities


You were on level 8 of the Dungeon.
You visited 1 branch of the dungeon, and saw 7 of its levels.

You collected 152 gold pieces.

Inventory:

Armour
 a - a +0 robe (worn)
 j - an orb of guile
Jewellery
 b - a ring of protection from cold (left hand)
Wands
 i - a wand of mindburst (1)
 n - a wand of flame (15)
 o - a wand of iceblast (2)
Scrolls
 c - 2 scrolls of fear {unknown}
 k - a scroll of blinking
 l - 4 scrolls of identify
Potions
 d - a potion of haste {unknown}
 e - a potion of mutation
 f - 2 potions of attraction
 g - 4 potions of flight
 h - 2 potions of curing {unknown}
 m - a potion of lignification {unknown}
 p - a potion of cancellation {unknown}
 q - a potion of magic {unknown}


   Skills:
 + Level 3.7 Fighting
 + Level 3.8 Dodging
 + Level 4.8 Stealth
 + Level 7.4 Unarmed Combat
 + Level 1.1 Evocations


You had 7 spell levels left.
You didn't know any spells.
Your spell library contained the following spells:

 Spells                   Type           Power      Damage    Failure   Level
 Pain                     Necr           0%         1d4       36%         1
 Inner Flame              Hex/Fire       0%         N/A       75%         3
 Cause Fear               Hex            0%         N/A       98%         4
 Agony                    Necr           0%         N/A       100%        5
 Excruciating Wounds      Necr           0%         N/A       100%        5
 Freezing Cloud           Conj/Ice/Air   0%         6-21      100%        5
 Simulacrum               Ice/Necr       0%         N/A       100%        6
 Discord                  Hex            0%         N/A       100%        8
 Polar Vortex             Ice            0%         N/A       100%        9


Dungeon Overview and Level Annotations

Branches:
Dungeon (6/15)
 Temple: D:4-7

Altars:
Nemelex Xobeh
Vehumet


Innate Abilities, Weirdness & Mutations

You have razor-sharp teeth.
Your natural rate of healing is unusually fast.
When hurt, damage is shared between your health and your magic reserves.
Your bite disrupts and absorbs the magic of your enemies.
Potions cannot restore your health.
Armour fits poorly on your strangely shaped body.
Your system is resistant to poisons. (rPois)


Message History

The wyvern bites you!
You hit the wyvern but do no damage. Your bite misses the wyvern.
The wyvern is severely wounded.
The wyvern closely misses you.
Aiming: Mindburst
Press: ? - help, Shift-Dir - straight line, f/p - wyvern
Aim: a wyvern (severely wounded, chance to affect: 69%)
The wyvern's mind is blasted!
You blow up the wyvern!
The kobold demonologist casts a spell.
Your Evocations skill increases to level 1!
You have reached level 8!
You feel stronger.
Your teeth grow very long and razor-sharp.
You hit the ufetubus but do no damage. You bite the ufetubus!
You kill the ufetubus!
The ufetubus disappears in a puff of smoke!
You barely miss the kobold demonologist.
Your bite misses the kobold demonologist.
The kobold demonologist gestures wildly while chanting.
You closely miss the kobold demonologist.
The kobold demonologist misses you.
You miss the kobold demonologist.
The soul eater draws from the surrounding life force!
* * * LOW HITPOINT WARNING * * *
Aiming: Mindburst
Press: ? - help, Shift-Dir - straight line, f - kobold demonologist
Aim: a kobold demonologist, wielding a +2 dagger of draining and wearing a +0 robe (chance to affect: 51%)
The kobold demonologist resists with significant effort.
The kobold demonologist hits you with a +2 dagger of draining.
* * * LOW HITPOINT WARNING * * *
You feel drained.
* * * LOW HITPOINT WARNING * * *
The soul eater draws from the surrounding life force!
* * * LOW HITPOINT WARNING * * *
It was a potion of mutation.
You feel extremely strange.
Your body twists and deforms.
You feel resistant to poisons.
The soul eater disappears in a puff of smoke!
The kobold demonologist hits you with a +2 dagger of draining.
You die...

...#..
###.#..
$....$.
....$!.##
........##
.........###
.......5.5ยง#
....<....#K#
#....5..##@#
##.5...###.#
##..K# #.#
##3# #.# #.
#.# #. #.#
#.# #.# #.#


You could see a kobold demonologist and a shadow imp (summoned).

Vanquished Creatures
  A wyvern (D:8)
  An ice beast (D:4)
  A black bear (D:5)
  2 ogres (D:5)
  2 phantoms (D:5)
  2 hounds
  An iguana (D:5)
  An orc wizard (D:3)
  2 hound zombies (D:5)
  A hound skeleton (D:4)
  5 adders
  An ufetubus (D:4)
  An adder skeleton (D:3)
  2 worms
  3 dart slugs
  6 orcs
  7 ball pythons
  5 bats
  6 endoplasms
  3 giant cockroaches
  5 goblins
  5 hobgoblins
  8 kobolds
  2 quokkas
  6 frilled lizards
  7 rats
86 creatures vanquished.

Notes
Turn   | Place    | Note
-------+----------+-------------------------------------------
     0 | D:1      | Gabide the Vine Stalker Monk began the quest for the Orb.
     0 | D:1      | Reached XP level 1. HP: 11/11 MP: 2/2
   148 | D:1      | Reached XP level 2. HP: 16/16 MP: 3/3
   164 | D:1      | Found a faded altar of an unknown god.
   721 | D:1      | Reached XP level 3. HP: 20/20 MP: 4/4
  2292 | D:3      | Gained mutation: Your natural rate of healing is unusually
                  | fast. [Vine Stalker growth]
  2292 | D:3      | Reached XP level 4. HP: 20/24 MP: 5/5
  2321 | D:3      | Reached skill level 4 in Unarmed Combat
  2855 | D:3      | Reached XP level 5. HP: 28/28 MP: 6/6
  2870 | D:3      | Found a sparkling altar of Nemelex Xobeh.
  3603 | D:4      | Noticed an ice beast
  3614 | D:4      | Killed an ice beast
  3615 | D:4      | Reached skill level 5 in Unarmed Combat
  3615 | D:4      | Reached XP level 6. HP: 32/32 MP: 4/7
  3876 | D:5      | Entered Level 5 of the Dungeon
  4014 | D:5      | Reached skill level 6 in Unarmed Combat
  4014 | D:5      | Reached XP level 7. HP: 18/36 MP: 2/8
  4163 | D:5      | Found a radiant altar of Vehumet.
  4609 | D:5      | Reached skill level 7 in Unarmed Combat
  4820 | D:6      | You fall into a shaft and drop 2 floors!
  4824 | D:8      | Noticed a kobold demonologist
  4825 | D:8      | Noticed a wyvern
  4828 | D:8      | Noticed a soul eater
  4839 | D:8      | Killed a wyvern
  4840 | D:8      | Reached skill level 1 in Evocations
  4840 | D:8      | Gained mutation: You have razor-sharp teeth. [Vine Stalker
                  | growth]
  4840 | D:8      | Reached XP level 8. HP: 23/42 MP: 4/9
  4840 | D:8      | Noticed a red devil
  4844 | D:8      | HP: 1/41 [soul eater/drain life[a kobold demonologist] (8)]
  4845 | D:8      | Gained mutation: Armour fits poorly on your strangely
                  | shaped body. [potion of mutation]
  4845 | D:8      | Gained mutation: Your system is resistant to poisons.
                  | (rPois) [potion of mutation]
  4845 | D:8      | Slain by a kobold demonologist

Illustrated notes

Levels and vault maps discovered:
D:1:      matt_arrival_los_fun, layout_loops_ring,
          nicolae_ecumenical_snake_handling, minmay_tetromino_i4
D:2:      layout_basic, chequers_jeans, minmay_box_of_dots
D:3:      layout_basic, mainiacjoe_overflow_alcove_4, grunt_decor_cap, hex_tiny
D:4:      layout_basic, minmay_unequal
D:5:      layout_basic, vehumet_crystals
D:6:      gammafunk_cloud_chamber, layout_basic, minmay_temple_entry_butterflies
D:8:      layout_loops_ring, grunt_qazlal_clouds,
          mainiacjoe_overflow_cross_hatched, enter_ossuary_1,
          minmay_misc_feat_roman

Skill      XL: |  1  2  3  4  5  6  7 |
---------------+----------------------+-----
Fighting       | 3 |  3.7
Unarmed Combat | 4 5 6 7 |  7.4
Stealth        | 3 4 |  4.8
Dodging        | 3 |  3.8
Evocations     | 1 |  1.1

Action                   |  1- 3 |  4- 6 |  7- 9 || total
-------------------------+-------+-------+-------++-------
Melee: Unarmed           |   105 |   140 |    62 ||   307
       Bite              |    20 |    38 |    15 ||    73
       Punch             |       |     5 |     1 ||     6
Throw: Throwing net      |       |       |     1 ||     1
Evoke: Wand              |       |     6 |     3 ||     9
  Use: Scroll            |       |     6 |       ||     6
       Potion            |       |       |     1 ||     1
 Stab: Sleeping          |     8 |     2 |     2 ||    12
       Held in net/web   |       |       |     1 ||     1
Armor: Robe              |    11 |    15 |     5 ||    31
Dodge: Dodged            |    63 |    81 |    34 ||   178
